 Dungeon Crawl Stone Soup version 0.26-a0-504-g0cf647090d (webtiles) character file.

Game seed: 2965037088636660830

26 Ge0ff the Ruffian (level 3, 0/29 HPs)
             Began as a Barachi Warper on Aug 8, 2020.
             Was an Initiate of Ru.
             Succumbed to an adder's poison
             ... on level 4 of the Dungeon.
             The game lasted 00:03:07 (406 turns).

Ge0ff the Ruffian (Barachi Warper)                   Turns: 406, Time: 00:03:08

Health: 0/29       AC:  5    Str: 13    XL:     3   Next: 8%
Magic:  6/6        EV: 11    Int: 13    God:    Ru [......]
Gold:   48         SH:  0    Dex: 11    Spells: 6/6 levels left

rFire    . . .     SeeInvis .     - Unarmed
rCold    . . .     Faith    .   (no shield)
rNeg     . . .     Spirit   .   G - +0 ring mail
rPois    .         Reflect  .   (no helmet)
rElec    .         Harm     .   (no cloak)
rCorr    .                      (no gloves)
MR       .....                  (no boots)
Stlth    +.........             (no amulet)
HPRegen  0.09/turn              (no ring)
MPRegen  0.10/turn              (no ring)

@: lethally poisoned (0 -> -11), can't hop, slow
A: +LOS, swims, slowness 1, strong legs 1
a: Hop, Renounce Religion


You were on level 4 of the Dungeon.
You worshipped Ru.
Ru was noncommittal.
You visited 2 branches of the dungeon, and saw 5 of its levels.

You collected 48 gold pieces.

Inventory:

Missiles
 d - 5 boomerangs of dispersal {don't train}
 D - 3 boomerangs (quivered) {don't train}
Armour
 a - a +0 leather armour
 G - a +0 ring mail (worn)
Wands
 k - a wand of iceblast (6)
Scrolls
 B - a scroll of blinking
 C - a scroll of enchant weapon {unknown}
 E - a scroll of teleportation {unknown}


   Skills:
 + Level 3.0 Fighting
 - Level 1.0 Throwing
 - Level 1.2 Armour
 - Level 2.1 Dodging
 - Level 3.4 Unarmed Combat
 - Level 2.1 Spellcasting
   Level 3.2 Translocations


You had 6 spell levels left.
You didn't know any spells.
Your spell library contained the following spells:

 Spells                   Type           Power        Failure   Level
 Blink                    Tloc           N/A          21%         2
 Gell's Gravitas          Tloc           #.........   38%         3
 Lesser Beckoning         Tloc           #.........   38%         3
 Teleport Other           Tloc           #.......     38%         3
 Passage of Golubria      Tloc           N/A          80%         4


Dungeon Overview and Level Annotations

Branches:
Dungeon (4/15)             Temple (1/1) D:4

Altars:
Ashenzari
Cheibriados
Dithmenos
Elyvilon
Fedhas
Hepliaklqana
Kikubaaqudgha
Makhleb
Okawaru
Qazlal
Ru
Sif Muna
Trog
Uskayaw
Vehumet
Xom
The Shining One


Innate Abilities, Weirdness & Mutations

You can be seen from farther away. (+LOS)
You can swim through water.
You cover ground slowly.
You can hop short distances.


Message History

You closely miss the adder.
The adder is almost dead.
You feel sick. The adder bites you.
* * * LOW HITPOINT WARNING * * *
You hit the adder.
You kill the adder!
Your Fighting skill increases to level 3!
You have reached level 3!
Your experience leads to an increase in your attributes!
Increase (S)trength, (I)ntelligence, or (D)exterity?
You feel stronger.
* * * LOW HITPOINT WARNING * * *
You feel sick.
* * * LOW HITPOINT WARNING * * *
You feel sick.
You open the door.
* * * LOW HITPOINT WARNING * * *
You feel sick.
Found 13 gold pieces.
You die...

##+# ##...###+###
##...$#.....####
##.....#.###.##.###
#......@.#>#.'....#
+......#.#'#.#....#
#......#.....#....#
##.....###'###....#
##.>.. #.# ###..#
##... #.# #..# ##+#
#........#
#######.## #.#


There were no monsters in sight!

Vanquished Creatures
  An adder (D:4)
  An ooze (D:3)
  A ball python (D:2)
  5 jackals
  A quokka (D:3)
  3 bats
  A goblin (D:2)
13 creatures vanquished.

Notes
Turn   | Place    | Note
-------+----------+-------------------------------------------
     0 | D:1      | Ge0ff the Barachi Warper began the quest for the Orb.
     0 | D:1      | Reached XP level 1. HP: 17/17 MP: 3/3
   136 | D:3      | Reached XP level 2. HP: 18/23 MP: 5/5
   199 | D:3      | Noticed a phantom
   232 | D:4      | Noticed an ogre
   240 | D:4      | Found a staircase to the Ecumenical Temple.
   248 | Temple   | Entered the Ecumenical Temple
   278 | Temple   | Became a worshipper of Ru the Awakened
   403 | D:4      | Reached XP level 3. HP: 4/29 MP: 6/6
   405 | D:4      | HP: 1/29 [poisoned by an adder]
   406 | D:4      | Succumbed to an adder's poison

Illustrated notes

Levels and vault maps discovered:
D:1:      ncdulo_lavacross, layout_basic
D:2:      layout_loops_ring
D:3:      minmay_roachtagon, layout_basic
D:4:      layout_loops_corners, minmay_temple_entry_glassed_door
Temple:   nicolae_temple_the_god_donut

Skill      XL: |  1  2 |
---------------+-------+-----
Unarmed Combat | 3 |  3.4
Fighting       | 3 |  3.0
Throwing       | |  1.0
Armour         | |  1.2
Dodging        | |  2.1
Spellcasting   | |  2.1
Translocations | |  3.2

Action                   || total
-------------------------++-------
Melee: Unarmed           ||    68
Throw: Boomerang         ||     6
 Abil: Hop               ||    17
  Use: Potion            ||     1
Armor: Ring mail         ||    26
       Leather armour    ||     2
Dodge: Dodged            ||    50

Table legend: (Time is in decaauts)
 A = Elapsed time spent in this place.
 B = Non-inter-level travel time spent in this place.
 C = Inter-level travel time spent in this place.
 D = Time resting spent in this place.
 E = Time spent auto-exploring this place.
 F = Levels seen in this place.
 G = Mean time per level.
                   A        B        C        D        E       F      G
               +--------+--------+--------+--------+--------+-----+--------+
         Total |    442 |    414 |     28 |     80 |      0 |   5 |   88.4 |
       Dungeon |    296 |    296 |      0 |      0 |      0 |   4 |   74.0 |
        Temple |    146 |    118 |     28 |     80 |      0 |   1 |  146.0 |
               +--------+--------+--------+--------+--------+-----+--------+

Top non-repeatable levels by time:
  Temple: 146 daAuts
     D:3: 118 daAuts
     D:2: 73 daAuts
     D:4: 59 daAuts
     D:1: 44 daAuts
